 Dungeon Crawl Stone Soup version 0.30-a0-266-g2b27a225a3 (webtiles) character file.

Game seed: 4879695749616783124

9137 Ijustatesigmund the Blocker (level 11, -3/89 HPs)
             Began as a Gnoll Fighter on Oct 14, 2022.
             Slain by a yak (8 damage)
             ... on level 10 of the Dungeon.
             The game lasted 00:18:24 (12821 turns).

Ijustatesigmund the Blocker (Gnoll Fighter)        Turns: 12821, Time: 00:18:25

Health: -3/89      AC: 11    Str: 18    XL:     11   Next: 41%
Magic:  20/20      EV: 13    Int: 10    God:
Gold:   653        SH:  7    Dex: 11    Spells: 23/23 levels left

rFire   + + .      SeeInvis .    H - +8 whip "Worm's Wrath" {freeze, rN+}
rCold   + . .      Faith    .    c - +1 buckler
rNeg    + . .      Spirit   .    b - +0 acid dragon scales
rPois   +          Reflect  .    (no helmet)
rElec   .          Harm     .    D - scarf {rC+ rF+}
rCorr   +          Rampage  .    (no gloves)
Will    .....                    u - +2 pair of boots
Stlth   ++........               n - amulet of the acrobat
HPRegen 0.34/turn                g - ring of poison resistance
MPRegen 0.17/turn                y - ring of protection from fire

@: silenced, studying Hexes
A: fangs 1, strong nose, distributed training
a: no special abilities


You were on level 10 of the Dungeon.
You visited 2 branches of the dungeon, and saw 11 of its levels.
You also visited: Ossuary.

You collected 653 gold pieces.

Inventory:

Hand Weapons
 a - a +0 war axe of freezing
 e - a -2 demon whip of venom
 H - the +8 whip "Worm's Wrath" (weapon) {freeze, rN+}
   (You found it on level 7 of the Dungeon)

   It freezes those it strikes, dealing additional cold damage.
   It can also slow down cold-blooded creatures.
   rN:        It protects you from negative energy.
Armour
 b - +0 acid dragon scales (worn)
 c - a +1 buckler (worn)
 u - a +2 pair of boots (worn)
 C - a +0 cloak
 D - a scarf of resistance (worn)
 L - a +1 cloak of preservation
Jewellery
 g - a ring of poison resistance (left hand)
 n - an amulet of the acrobat (around neck)
 p - an amulet of faith
 t - a ring of see invisible
 x - an amulet of magic regeneration
 y - a ring of protection from fire (right hand)
 F - a ring of willpower
 G - a ring of positive energy
Wands
 l - a wand of flame (5)
 z - a wand of charming (6)
Scrolls
 d - a scroll of enchant armour
 f - 2 scrolls of poison
 h - 2 scrolls of identify
 j - a scroll of brand weapon
 m - a scroll of magic mapping
 s - a scroll of enchant weapon {unknown}
 E - 2 scrolls of amnesia
Potions
 i - 2 potions of berserk rage {unknown}
 o - 2 potions of mutation
 q - a potion of brilliance
 r - a potion of might
 v - 3 potions of flight
 w - 4 potions of lignification
 A - a potion of attraction
 K - a potion of degeneration {unknown}


   Skills:
 + Level 9.3 Fighting
 + Level 6.5 Short Blades
 + Level 6.5 Long Blades
 + Level 8.0 Axes
 + Level 6.5 Maces & Flails
 + Level 6.5 Polearms
 + Level 6.5 Staves
 + Level 6.5 Ranged Weapons
 + Level 6.5 Throwing
 + Level 9.3 Armour
 + Level 6.5 Dodging
 + Level 6.5 Stealth
 + Level 9.3 Shields
 + Level 6.5 Unarmed Combat
 + Level 6.5 Spellcasting
 + Level 5.4 Conjurations
 + Level 7.4 Hexes
 + Level 5.4 Summonings
 + Level 5.4 Necromancy
 + Level 5.4 Translocations
 + Level 5.4 Transmutations
 + Level 5.4 Fire Magic
 + Level 5.4 Ice Magic
 + Level 5.4 Air Magic
 + Level 5.4 Earth Magic
 + Level 5.4 Poison Magic
 + Level 7.1 Invocations
 + Level 6.5 Evocations


You had 23 spell levels left.
You didn't know any spells.
Your spell library contained the following spells:

 Spells                   Type           Power      Damage    Failure   Level
 Freeze                   Ice            56%        1d7       3%          1
 Frozen Ramparts          Ice            28%        1d5       10%         3
 Hailstorm                Conj/Ice       14%        3d5       10%         3
 Vhi's Electric Charge    Tloc/Air       28%        N/A       10%         3
 Petrify                  Tmut/Erth      14%        N/A       32%         4
 Metabolic Englaciation   Hex/Ice        8%         N/A       52%         5
 Arcjolt                  Conj/Air       7%         1d17      67%         5
 Statue Form              Tmut/Erth      9%         N/A       99%         6
 Maxwell's Capacitive Co  Air            7%         ∞         100%        8


Dungeon Overview and Level Annotations

Branches:
Dungeon (10/15)            Temple (1/1) D:6         Ossuary (visited)
   Lair: D:8-11         Orc: D:9-12

Altars:
Ashenzari
Cheibriados
Dithmenos
Elyvilon
Fedhas
Gozag
Hepliaklqana
Kikubaaqudgha
Makhleb
Nemelex Xobeh
Okawaru
Qazlal
Ru
Sif Muna
Trog
Uskayaw
Vehumet
Wu Jian
Xom
Yredelemnul
Zin
The Shining One

Shops:
D:3 (

Annotations:
D:6 2 runed translucent doors
D:9 1 runed translucent door


Innate Abilities, Weirdness & Mutations

You have very sharp teeth.
Your uncanny sense of smell can sniff out nearby items.
Your experience applies equally to all skills.


Message History

As you read the scroll labelled WOKHOI GANI, it crumbles to dust.
A profound silence engulfs you.
It was a scroll of silence.
You block the yak's attack. The orc priest barely misses you.
The yak closely misses you. You block the yak's attack.
The yak gores you but does no damage.
You hit the yak. You freeze the yak.
The yak is lightly wounded.
The yak closely misses you. The orc priest barely misses you.
The yak gores you. x2; The yak gores you but does no damage.
You hit the yak. You freeze the yak.
The yak is moderately wounded.
The yak closely misses you. The orc priest barely misses you.
You block the yak's attack. The yak gores you. The yak gores you!
* * * LOW HITPOINT WARNING * * *
You barely miss the yak.
The yak is moderately wounded.
You closely miss the orc priest. The yak misses you.
You block the orc priest's attack. The yak gores you.
* * * LOW HITPOINT WARNING * * *
The yak gores you.
* * * LOW HITPOINT WARNING * * *
The yak gores you!
* * * LOW HITPOINT WARNING * * *
You feel much better. The yak gores you.
* * * LOW HITPOINT WARNING * * *
The orc priest closely misses you.
The yak gores you but does no damage. x2
The yak barely misses you.
You whack the orc priest! You freeze the orc priest.
The orc priest is severely wounded.
The yak closely misses you. The orc priest misses you.
The yak closely misses you. The yak gores you!
* * * LOW HITPOINT WARNING * * *
The yak gores you but does no damage.
You whack the orc priest! You freeze the orc priest.
You kill the orc priest!
You block the yak's attack. x2; The yak barely misses you.
The yak misses you.
You whack the yak! You freeze the yak.
The yak is moderately wounded.
The yak gores you!
You die...

..... .....
##########.....
...............
>......<.......
.........######
########.#
#######Y#######
......Y@YY.....
#######YY......
#YYY##### #...#
..... ∆......
....... ∆
.........


You could see 9 yaks.

Vanquished Creatures
  Amaemon (D:9)
  Pikel (D:8)
  Joseph (D:9)
  An orange demon (D:9)
  Maggie (D:7)
  3 trolls (D:9)
  Sigmund (D:2)
  A shadow (D:9)
  2 wyverns (D:8)
  12 yaks
  A steam dragon (D:9)
  Menkaure (Ossuary)
  An acid dragon (D:6)
  A water moccasin (D:6)
  An ice beast (D:6)
  4 orc warriors
  A sky beast (D:8)
  3 black bears
  An ogre (D:5)
  5 centaurs
  3 lemures (D:8)
  A phantom (D:5)
  2 kobold brigands (D:8)
  A necrophage (D:5)
  2 bullfrogs
  A gnoll sergeant (D:9)
  A scorpion (D:6)
  6 wights (D:9)
  9 killer bees
  An electric eel (D:8)
  4 howler monkeys
  A hound (D:7)
  6 orc priests
  Natasha (thrice) (D:3)
  3 iguanas
  10 orc wizards
  Terence (D:3)
  3 mummies (Ossuary)
  20 gnolls
  3 adders
  2 shadow imps
  A white imp (D:8)
  2 ufetubi
  A worm (D:4)
  3 dart slugs
  32 orcs
  8 ball pythons
  7 bats
  4 endoplasms
  4 giant cockroaches
  7 goblins
  3 hobgoblins
  4 jackals (D:2)
  2 quokkas (D:1)
  2 frilled lizards
  9 gnoll skeletons (Ossuary)
  7 gnoll zombies (Ossuary)
  3 goblin skeletons (Ossuary)
  3 goblin zombies (Ossuary)
  3 hobgoblin skeletons (Ossuary)
  3 hobgoblin zombies (Ossuary)
  19 kobolds
  3 kobold skeletons (Ossuary)
  2 kobold zombies (Ossuary)
  4 orc skeletons (Ossuary)
  5 orc zombies (Ossuary)
  7 rats
  3 rat skeletons (Ossuary)
  5 rat zombies (Ossuary)
282 creatures vanquished.

Vanquished Creatures (others)
  An orc wizard (D:9)
  A fungus (D:3)
  8 plants (D:8)
10 creatures vanquished.

Grand Total: 292 creatures vanquished

Notes
Turn   | Place    | Note
-------+----------+-------------------------------------------
     0 | D:1      | Ijustatesigmund the Gnoll Fighter began the quest for the
                  | Orb.
     0 | D:1      | Reached XP level 1. HP: 23/23 MP: 1/1
   279 | D:1      | Reached XP level 2. HP: 25/29 MP: 2/2
   823 | D:2      | Reached XP level 3. HP: 32/35 MP: 3/3
  1007 | D:2      | Noticed Sigmund
  1019 | D:2      | Killed Sigmund
  1020 | D:2      | Reached skill level 1 in Short Blades
  1020 | D:2      | Reached skill level 1 in Long Blades
  1020 | D:2      | Reached skill level 1 in Maces & Flails
  1020 | D:2      | Reached skill level 1 in Polearms
  1020 | D:2      | Reached skill level 1 in Staves
  1020 | D:2      | Reached skill level 1 in Ranged Weapons
  1020 | D:2      | Reached skill level 1 in Throwing
  1020 | D:2      | Reached skill level 1 in Dodging
  1020 | D:2      | Reached skill level 1 in Stealth
  1020 | D:2      | Reached skill level 1 in Unarmed Combat
  1020 | D:2      | Reached skill level 1 in Spellcasting
  1020 | D:2      | Reached skill level 1 in Conjurations
  1020 | D:2      | Reached skill level 1 in Hexes
  1020 | D:2      | Reached skill level 1 in Summonings
  1020 | D:2      | Reached skill level 1 in Necromancy
  1020 | D:2      | Reached skill level 1 in Translocations
  1020 | D:2      | Reached skill level 1 in Transmutations
  1020 | D:2      | Reached skill level 1 in Fire Magic
  1020 | D:2      | Reached skill level 1 in Ice Magic
  1020 | D:2      | Reached skill level 1 in Air Magic
  1020 | D:2      | Reached skill level 1 in Earth Magic
  1020 | D:2      | Reached skill level 1 in Poison Magic
  1020 | D:2      | Reached skill level 1 in Invocations
  1020 | D:2      | Reached skill level 1 in Evocations
  1020 | D:2      | Reached XP level 4. HP: 41/41 MP: 4/6
  1020 | D:2      | Reached XP level 5. HP: 47/47 MP: 4/7
  1411 | D:2      | Reached XP level 6. HP: 42/53 MP: 8/8
  1526 | D:3      | Noticed Natasha
  1537 | D:3      | Killed Natasha
  1696 | D:3      | Reached skill level 5 in Axes
  1760 | D:3      | Noticed Natasha
  1767 | D:3      | Killed Natasha
  1796 | D:3      | Noticed Natasha
  1803 | D:3      | Killed Natasha
  2096 | D:3      | Noticed Terence
  2106 | D:3      | Killed Terence
  2387 | D:3      | Found Unibintuin's Weapon Shoppe.
  2417 | D:3      | Found a faded altar of an unknown god.
  2787 | D:4      | Reached XP level 7. HP: 43/60 MP: 10/10
  3682 | D:5      | Entered Level 5 of the Dungeon
  3920 | D:5      | Reached XP level 8. HP: 67/67 MP: 12/12
  3976 | D:5      | You fall into a shaft and drop 1 floor!
  4493 | D:6      | Found a staircase to the Ecumenical Temple.
  4552 | Temple   | Entered the Ecumenical Temple
  5695 | D:6      | Found a runed translucent door.
  5728 | D:6      | Found a runed translucent door.
  5857 | D:7      | Noticed Pikel
  5880 | D:7      | Reached XP level 9. HP: 56/73 MP: 14/14
  5886 | D:7      | Noticed Maggie
  5906 | D:7      | Found a sand-covered staircase.
  5916 | Ossuary  | Entered an ossuary
  6565 | Ossuary  | Noticed Menkaure
  6578 | Ossuary  | Killed Menkaure
  6944 | D:8      | Reached skill level 5 in Hexes
  6944 | D:8      | Reached skill level 5 in Invocations
  7527 | D:8      | Reached skill level 5 in Short Blades
  7527 | D:8      | Reached skill level 5 in Long Blades
  7527 | D:8      | Reached skill level 5 in Maces & Flails
  7527 | D:8      | Reached skill level 5 in Polearms
  7527 | D:8      | Reached skill level 5 in Staves
  7527 | D:8      | Reached skill level 5 in Ranged Weapons
  7527 | D:8      | Reached skill level 5 in Throwing
  7527 | D:8      | Reached skill level 5 in Dodging
  7527 | D:8      | Reached skill level 5 in Stealth
  7527 | D:8      | Reached skill level 5 in Unarmed Combat
  7527 | D:8      | Reached skill level 5 in Spellcasting
  7527 | D:8      | Reached skill level 5 in Evocations
  7527 | D:8      | Reached XP level 10. HP: 62/81 MP: 17/17
  8135 | D:8      | Killed Pikel
  9373 | D:7      | Killed Maggie
 10033 | D:7      | Identified the +8 whip "Worm's Wrath" {freeze, rN+}
 10771 | D:9      | Reached skill level 5 in Conjurations
 10771 | D:9      | Reached skill level 5 in Summonings
 10771 | D:9      | Reached skill level 5 in Necromancy
 10771 | D:9      | Reached skill level 5 in Translocations
 10771 | D:9      | Reached skill level 5 in Transmutations
 10771 | D:9      | Reached skill level 5 in Fire Magic
 10771 | D:9      | Reached skill level 5 in Ice Magic
 10771 | D:9      | Reached skill level 5 in Air Magic
 10771 | D:9      | Reached skill level 5 in Earth Magic
 10771 | D:9      | Reached skill level 5 in Poison Magic
 10771 | D:9      | Reached XP level 11. HP: 42/89 MP: 20/20
 11244 | D:9      | Noticed Amaemon
 11613 | D:9      | Found a runed translucent door.
 11613 | D:9      | Noticed a sixfirhy
 11675 | D:9      | Found a blossoming altar of Fedhas.
 11675 | D:9      | Found a snail-covered altar of Cheibriados.
 12125 | D:9      | Noticed Joseph
 12155 | D:9      | Killed Joseph
 12297 | D:9      | Killed Amaemon
 12558 | D:9      | Found a basalt altar of Yredelemnul.
 12571 | D:9      | Found a sparkling altar of Nemelex Xobeh.
 12786 | D:10     | Entered Level 10 of the Dungeon
 12817 | D:10     | HP: 2/89 [yak (11)]
 12821 | D:10     | Slain by a yak

Illustrated notes

Levels and vault maps discovered:
D:1:      dpeg_arrival_water_fire, layout_rooms, serial_forest,
          infiniplex_forest_clump_tiny, infiniplex_forest_zigzag_2,
          infiniplex_forest_lined_1, infiniplex_forest_zigzag_2
D:2:      minmay_chambers_of_ones, layout_basic, uniq_sigmund
D:3:      layout_loops_corners, serial_shops, shop,
          shapermc_ecumenical_altar_ellora, chequers_serial_rivers_micro_c,
          uniq_terence, uniq_natasha
D:4:      layout_gridville, minmay_manual_monstrance
D:5:      layout_cave_pools
D:6:      lemuel_insect_pit, layout_loops_cross, minmay_temple_entry_trees,
          nicolae_concentric_dashed_squares_wild
D:7:      layout_basic, nicolae_ossuary_entry_monument, minmay_checkerbox,
          uniq_pikel, uniq_maggie
D:8:      layout_basic, minmay_misc_feat_alley, serial_bayou_ford_a,
          roderic_nine_men_s_morris
D:9:      cheibrodos_shockbox, layout_loops_ring,
          gammafunk_temple_overflow_pools, mainiacjoe_overflow_big_doors,
          minmay_circle_x, uniq_joseph, uniq_amaemon
D:10:     layout_long_grid, lair_entry_dummy,
          kennysheep_orc_monster_closet_entryway, nicolae_trove_entry_diagonal
Temple:   dpeg_five_rooms_temple

Skill      XL: |  1  2  3  4  5  6  7  8  9 10 11 |
---------------+----------------------------------+-----
Short Blades   | 1 2 3 5 6 |  6.5
Long Blades    | 1 2 3 5 6 |  6.5
Maces & Flails | 1 2 3 5 6 |  6.5
Polearms       | 1 2 3 5 6 |  6.5
Staves         | 1 2 3 5 6 |  6.5
Ranged Weapons | 1 2 3 5 6 |  6.5
Throwing       | 1 2 3 5 6 |  6.5
Dodging        | 1 2 3 5 6 |  6.5
Stealth        | 1 2 3 5 6 |  6.5
Unarmed Combat | 1 2 3 5 6 |  6.5
Spellcasting   | 1 2 3 5 6 |  6.5
Conjurations   | 1 2 3 4 5 |  5.4
Hexes          | 1 2 4 5 6 7 |  7.4
Summonings     | 1 2 3 4 5 |  5.4
Necromancy     | 1 2 3 4 5 |  5.4
Translocations | 1 2 3 4 5 |  5.4
Transmutations | 1 2 3 4 5 |  5.4
Fire Magic     | 1 2 3 4 5 |  5.4
Ice Magic      | 1 2 3 4 5 |  5.4
Air Magic      | 1 2 3 4 5 |  5.4
Earth Magic    | 1 2 3 4 5 |  5.4
Poison Magic   | 1 2 3 4 5 |  5.4
Invocations    | 1 2 3 4 5 6 7 |  7.1
Evocations     | 1 2 3 5 6 |  6.5
Axes           | 5 6 7 8 |  8.0
Fighting       | 7 8 9 |  9.3
Armour         | 7 8 9 |  9.3
Shields        | 7 8 9 |  9.3

Action                   |  1- 3 |  4- 6 |  7- 9 | 10-12 || total
-------------------------+-------+-------+-------+-------++-------
Melee: War axe           |    66 |   139 |   388 |   222 ||   815
       Bite              |     8 |    13 |    48 |    52 ||   121
       Whip              |       |       |       |   243 ||   243
Evoke: Wand              |       |       |     1 |       ||     1
  Use: Potion            |     2 |     1 |     4 |    10 ||    17
       Scroll            |       |       |    24 |     5 ||    29
 Stab: Sleeping          |       |       |     1 |     2 ||     3
       Distracted        |       |       |     1 |     1 ||     2
Armor: Scale mail        |    32 |    57 |   100 |       ||   189
       Acid dragon scale |       |       |    65 |   154 ||   219
Dodge: Dodged            |    44 |    64 |   267 |   300 ||   675
Block: Buckler           |    20 |    39 |   129 |   169 ||   357

Table legend: (Time is in decaauts)
 A = Elapsed time spent in this place.
 B = Non-inter-level travel time spent in this place.
 C = Inter-level travel time spent in this place.
 D = Time resting spent in this place.
 E = Time spent auto-exploring this place.
 F = Levels seen in this place.
 G = Mean time per level.
                   A        B        C        D        E       F      G
               +--------+--------+--------+--------+--------+-----+--------+
         Total |  12912 |  12530 |    382 |   4034 |   6274 |  12 | 1076.0 |
       Dungeon |  11696 |  11364 |    332 |   3554 |   5841 |  10 | 1169.6 |
        Temple |    293 |    244 |     49 |      0 |    233 |   1 |  293.0 |
       Ossuary |    923 |    923 |      0 |    479 |    200 |   1 |  923.0 |
               +--------+--------+--------+--------+--------+-----+--------+

Top non-repeatable levels by time:
     D:8: 2938 daAuts
     D:9: 1981 daAuts
     D:7: 1132 daAuts
     D:4: 1118 daAuts
     D:6: 1111 daAuts
     D:3: 1086 daAuts
 Ossuary: 923 daAuts
     D:2: 815 daAuts
     D:5: 742 daAuts
     D:1: 739 daAuts
  Temple: 293 daAuts
    D:10: 29 daAuts
